 Dungeon Crawl Stone Soup version 0.23-a0-584-g44dd78f (webtiles) character file.

1057 Leeroy the Charmwright (level 8, -9/63 HPs)
             Began as a Gnoll Skald on Dec 17, 2018.
             Was an Initiate of Sif Muna.
             Mangled by Sigmund
             ... wielding a +0 scythe
              (10 damage)
             ... on level 5 of the Dungeon.
             The game lasted 00:28:29 (3954 turns).

Leeroy the Charmwright (Gnoll Skald)                Turns: 3954, Time: 00:28:30

Health: -9/63      AC: 10    Str: 18    XL:     8   Next: 26%
Magic:  0/16       EV: 14    Int: 18    God:    Sif Muna [......]
Gold:   201        SH:  0    Dex: 18    Spells: 3/18 levels left

rFire    . . .     SeeInvis .   H - +1 falchion (holy)
rCold    . . .     Gourm    .   (no shield)
rNeg     . . .     Faith    .   n - +0 ring mail
rPois    .         Spirit   .   (no helmet)
rElec    .         Reflect  .   C - +0 cloak
rCorr    .         Harm     .   X - +0 pair of gloves
MR       .....                  S - +1 pair of boots
Stlth    +.........             (no amulet)
HPRegen  1.20/turn              p - +3 ring of dexterity
MPRegen  0.15/turn              l - ring of wizardry

@: mighty, lethally poisoned (-9 -> -9), regenerating, hasted, glowing, very
quick
A: distributed training, fangs 1, strong nose
a: Renounce Religion


You were on level 5 of the Dungeon.
You worshipped Sif Muna.
Sif Muna was noncommittal.
You were very hungry.

You visited 1 branch of the dungeon, and saw 5 of its levels.
You also visited: Ossuary.

You collected 201 gold pieces.

Inventory:

Hand Weapons
 a - a +0 falchion
 c - a +0 hunting sling
 e - a +0 hand axe
 g - a +0 dagger
 k - a +0 dagger
 u - a +0 longbow
 y - a +0 trident
 B - a +2 quarterstaff of chaos
 D - a +2 mace of holy wrath
 H - a +1 falchion of holy wrath (weapon)
 I - a +0 long sword
 P - a cursed +0 trident
 V - a +0 halberd
Missiles
 f - 187 stones (quivered)
 h - 44 sling bullets
 i - 12 tomahawks
 J - 4 curare-tipped needles
 N - 9 poisoned needles
 T - 33 arrows
Armour
 b - a +0 leather armour
 m - a +0 scale mail
 n - a +0 ring mail (worn)
 A - a cursed +0 helmet
 C - a +0 cloak (worn)
 O - a +0 scale mail
 R - a +0 scale mail
 S - a +1 pair of boots (worn)
 X - a +0 pair of gloves (worn)
Jewellery
 l - a ring of wizardry (right hand)
 p - a +3 ring of dexterity (left hand)
 E - an uncursed ring of positive energy
Wands
 z - a wand of iceblast (7)
 Q - a wand of acid (10)
Scrolls
 j - 2 scrolls of blinking {unknown}
 o - 4 scrolls of teleportation
 q - 9 scrolls of remove curse
 t - 2 scrolls of magic mapping {unknown}
 v - a scroll of immolation {unknown}
 w - a scroll of identify
 F - 2 scrolls of noise {unknown}
 G - 2 scrolls of fog {unknown}
 M - 2 scrolls of enchant armour {unknown}
Potions
 r - 2 potions of heal wounds {unknown}
 s - 2 potions of might
 x - a potion of curing
 K - 3 potions of haste
 L - 2 potions of ambrosia {unknown}
 W - a potion of flight {unknown}
Comestibles
 d - 6 rations
 U - 2 chunks of flesh


   Skills:
 + Level 5.5 Fighting
 + Level 3.0 Short Blades
 + Level 5.5 Long Blades
 + Level 3.0 Axes
 + Level 3.0 Maces & Flails
 + Level 3.0 Polearms
 + Level 3.0 Staves
 + Level 3.0 Slings
 + Level 3.0 Bows
 + Level 3.0 Crossbows
 + Level 3.0 Throwing
 + Level 4.0 Armour
 + Level 5.5 Dodging
 + Level 3.0 Stealth
 + Level 3.0 Shields
 + Level 3.0 Unarmed Combat
 + Level 5.9 Spellcasting
 + Level 2.4 Conjurations
 + Level 2.4 Hexes
 + Level 6.0 Charms
 + Level 2.4 Summonings
 + Level 2.4 Necromancy
 + Level 2.4 Translocations
 + Level 2.4 Transmutations
 + Level 2.4 Fire Magic
 + Level 2.4 Ice Magic
 + Level 2.4 Air Magic
 + Level 2.4 Earth Magic
 + Level 2.4 Poison Magic
 + Level 3.3 Invocations
 + Level 3.0 Evocations


You had 3 spell levels left.
You knew the following spells:

 Your Spells              Type           Power        Failure   Level  Hunger
a - Infusion              Chrm           ####         1%          1    None
b - Song of Slaying       Chrm           ####....     1%          2    None
c - Shroud of Golubria    Chrm/Tloc      ###.......   2%          2    None
d - Regeneration          Chrm/Necr      ###.......   4%          3    ##.....
e - Spectral Weapon       Hex/Chrm       ###.....     4%          3    ##.....
f - Force Lance           Conj/Tloc      ##......     28%         4    ####...

Your spell library contained the following spells:

 Spells                   Type           Power        Failure   Level  Hunger
 Magic Dart               Conj           ##..         3%          1    None
 Sting                    Conj/Pois      ##..         3%          1    None
 Poisonous Vapours        Pois/Air       ##....       4%          2    None
 Searing Ray              Conj           ##....       4%          2    None
 Dazzling Spray           Conj/Hex       ##....       9%          3    ##.....
 Mephitic Cloud           Conj/Pois/Air  ##......     9%          3    ##.....
 Fulminant Prism          Conj/Hex       ##........   28%         4    ####...
 Iskenderun's Mystic Bla  Conj           ##......     28%         4    ####...
 Olgreb's Toxic Radiance  Pois           ##......     28%         4    ####...
 Venom Bolt               Conj/Pois      ##........   61%         5    #####..


Dungeon Overview and Level Annotations

Branches:
Dungeon (5/15)             Temple (0/1) D:5

Altars:
Ashenzari
Cheibriados
Dithmenos
Gozag
Hepliaklqana
Nemelex Xobeh
Qazlal
Ru
Sif Muna
Yredelemnul

Annotations:
D:5 Eustachio, Sigmund


Innate Abilities, Weirdness & Mutations

Your experience applies equally to all skills.
You have very sharp teeth.
Your uncanny sense of smell can sniff out nearby items.


Message History

* * * LOW HITPOINT WARNING * * *
You are poisoned.
The worker ant poisons you!
The gnoll shaman hits you but does no damage.
The quokka barely misses you. Something hits you.
* * * LOW HITPOINT WARNING * * *
The worker ant bites you but does no damage.
It was a potion of might.
You feel very mighty all of a sudden.
You feel sick. The quokka bites you.
* * * LOW HITPOINT WARNING * * *
The gnoll shaman hits you but does no damage.
The worker ant closely misses you.
You riposte.
You barely miss the worker ant.
The worker ant is heavily wounded.
The quokka closely misses you.
It was a potion of haste.
You feel yourself speed up.
You feel sick.
The gnoll shaman hits you with a +0 whip.
* * * LOW HITPOINT WARNING * * *
Something hits you!
You die...

...........#.#
#..r.......#.#
...........#.# .
.............###+#####.#
.......##..............
##..$.................
#.....#...........#
....#).........g...#
..#.#......$...a@..#
..#.#..........r...#
..#.####...........+
..#+## #...........#
.....##............#
.....##............#######
.....++........#.....5...#
.....##...####.#.#######.#
.....# #.# #.#


You could see a gnoll shaman, a worker ant and a quokka.

Vanquished Creatures
  An ice beast (D:4)
  A phantom (D:4)
  2 elf zombies (Ossuary)
  A water moccasin skeleton (D:4)
  A howler monkey (D:4)
  2 hounds (D:5)
  3 orc wizards
  3 orc priests
  Crazy Yiuf (D:3)
  Jessica (D:3)
  A worker ant (D:4)
  A big kobold zombie (Ossuary)
  A hound zombie (Ossuary)
  4 mummies (Ossuary)
  Robin (D:3)
  5 gnolls (D:5)
  6 adders
  A shadow imp (D:5)
  An ooze (D:1)
  3 adder zombies (Ossuary)
  An adder skeleton (D:4)
  A worm (D:2)
  2 dart slugs (D:2)
  2 leopard geckos
  14 orcs
  2 ball pythons
  10 bats
  4 giant cockroaches
  A gnoll zombie (Ossuary)
  18 goblins
  13 hobgoblins
  4 jackals
  3 kobolds (D:1)
  A quokka (D:3)
  4 frilled lizards
  A giant cockroach zombie (D:5)
  A goblin skeleton (D:4)
  A goblin zombie (D:4)
  A hobgoblin zombie (Ossuary)
  A jackal skeleton (D:4)
  A jackal zombie (Ossuary)
  2 kobold zombies (Ossuary)
  A leopard gecko skeleton (D:4)
  7 rats
136 creatures vanquished.

Vanquished Creatures (others)
  A frilled lizard (D:4)
1 creature vanquished.

Grand Total: 137 creatures vanquished

Notes
Turn   | Place    | Note
-------+----------+-------------------------------------------
     0 | D:1      | Leeroy the Gnoll Skald began the quest for the Orb.
     0 | D:1      | Reached XP level 1. HP: 20/20 MP: 6/6
    60 | D:1      | Reached XP level 2. HP: 25/26 MP: 7/7
   300 | D:1      | Learned a level 2 spell: Song of Slaying
   303 | D:1      | Learned a level 2 spell: Shroud of Golubria
   408 | D:1      | Reached XP level 3. HP: 31/31 MP: 9/9
   581 | D:2      | Reached skill level 5 in Spellcasting
   595 | D:1      | Reached skill level 1 in Invocations
   601 | D:1      | HP: 1/31 [poisoned by an adder]
   852 | D:2      | Reached skill level 1 in Short Blades
   852 | D:2      | Reached skill level 1 in Axes
   852 | D:2      | Reached skill level 1 in Maces & Flails
   852 | D:2      | Reached skill level 1 in Polearms
   852 | D:2      | Reached skill level 1 in Staves
   852 | D:2      | Reached skill level 1 in Slings
   852 | D:2      | Reached skill level 1 in Bows
   852 | D:2      | Reached skill level 1 in Crossbows
   852 | D:2      | Reached skill level 1 in Throwing
   852 | D:2      | Reached skill level 1 in Stealth
   852 | D:2      | Reached skill level 1 in Shields
   852 | D:2      | Reached skill level 1 in Unarmed Combat
   852 | D:2      | Reached skill level 1 in Evocations
   931 | D:2      | Reached XP level 4. HP: 38/38 MP: 6/11
   943 | D:2      | Learned a level 3 spell: Regeneration
   947 | D:2      | Learned a level 3 spell: Spectral Weapon
   958 | D:2      | Found a sparkling altar of Nemelex Xobeh.
  1063 | D:2      | Found a deep blue altar of Sif Muna.
  1098 | D:2      | Found a snail-covered altar of Cheibriados.
  1199 | D:2      | Found a sacrificial altar of Ru.
  1419 | D:3      | Reached skill level 1 in Conjurations
  1419 | D:3      | Reached skill level 1 in Hexes
  1419 | D:3      | Reached skill level 1 in Summonings
  1419 | D:3      | Reached skill level 1 in Necromancy
  1419 | D:3      | Reached skill level 1 in Translocations
  1419 | D:3      | Reached skill level 1 in Transmutations
  1419 | D:3      | Reached skill level 1 in Fire Magic
  1419 | D:3      | Reached skill level 1 in Ice Magic
  1419 | D:3      | Reached skill level 1 in Air Magic
  1419 | D:3      | Reached skill level 1 in Earth Magic
  1419 | D:3      | Reached skill level 1 in Poison Magic
  1440 | D:2      | Reached XP level 5. HP: 19/43 MP: 3/12
  1677 | D:3      | Found a shattered altar of Ashenzari.
  1776 | D:3      | Noticed Jessica
  1782 | D:3      | Killed Jessica
  1782 | D:3      | Reached XP level 6. HP: 28/50 MP: 3/13
  1788 | D:3      | Noticed Robin
  1821 | D:3      | Killed Robin
  1964 | D:3      | Found a runed door.
  1971 | D:3      | Noticed Crazy Yiuf
  1978 | D:3      | Killed Crazy Yiuf
  1978 | D:3      | Reached skill level 5 in Fighting
  1978 | D:3      | Reached skill level 5 in Long Blades
  1978 | D:3      | Reached skill level 5 in Dodging
  2089 | D:3      | Learned a level 4 spell: Force Lance
  2111 | D:3      | Found a shadowy altar of Dithmenos.
  2445 | D:4      | Found a hazy altar of Hepliaklqana.
  2557 | D:4      | Found a sand-covered staircase.
  2564 | Ossuary  | Entered an ossuary
  2581 | Ossuary  | Reached XP level 7. HP: 28/56 MP: 10/15
  2847 | D:4      | Found a stormy altar of Qazlal.
  2985 | D:4      | Found a runed door.
  2988 | D:4      | Noticed a human
  2990 | D:4      | Found a basalt altar of Yredelemnul.
  3202 | D:4      | Found a shattered altar of Ashenzari.
  3208 | D:4      | Reached XP level 8. HP: 49/63 MP: 16/16
  3287 | D:4      | Reached skill level 6 in Charms
  3545 | D:2      | Became a worshipper of Sif Muna the Loreminder
  3606 | D:5      | Entered Level 5 of the Dungeon
  3608 | D:5      | Found an opulent altar of Gozag.
  3830 | D:5      | Noticed Eustachio
  3850 | D:5      | Noticed Sigmund
  3897 | D:5      | Found a staircase to the Ecumenical Temple.
  3954 | D:5      | HP: 1/63 [gnoll shaman/+0 whip (4)]
  3954 | D:5      | Mangled by Sigmund

Vault maps used:
D:1:      lightli_arrival_chessboard
D:2:      lemuel_crystal_altar, old_standard_altar, cheibriados_altar_1,
          overflow_temple_1_default, first_ration
D:3:      grunt_dithmenos_smoke_and_mirrors, ashenzari_altar_1,
          uniq_crazy_yiuf_cottage, uniq_robin, uniq_jessica
D:4:      lemuel_crystal_altar, lemuel_crystal_altar, marbit_many_paths,
          nicolae_ossuary_entry_ruins, dk_yredelemnul_ordeal
D:5:      nicolae_overflow_crystal_walls, temple_green, portal_sewer_entry_f,
          uniq_sigmund, uniq_eustachio, uniq_menkaure
Ossuary:  ossuary_minmay_tomb_2a

Skill      XL: |  1  2  3  4  5  6  7  8 |
---------------+-------------------------+-----
Spellcasting   | 5 |  5.9
Invocations    | 1 2 3 |  3.3
Short Blades   | 1 2 3 |  3.0
Axes           | 1 2 3 |  3.0
Maces & Flails | 1 2 3 |  3.0
Polearms       | 1 2 3 |  3.0
Staves         | 1 2 3 |  3.0
Slings         | 1 2 3 |  3.0
Bows           | 1 2 3 |  3.0
Crossbows      | 1 2 3 |  3.0
Throwing       | 1 2 3 |  3.0
Stealth        | 1 2 3 |  3.0
Shields        | 1 2 3 |  3.0
Unarmed Combat | 1 2 3 |  3.0
Evocations     | 1 2 3 |  3.0
Conjurations   | 1 2 |  2.4
Hexes          | 1 2 |  2.4
Summonings     | 1 2 |  2.4
Necromancy     | 1 2 |  2.4
Translocations | 1 2 |  2.4
Transmutations | 1 2 |  2.4
Fire Magic     | 1 2 |  2.4
Ice Magic      | 1 2 |  2.4
Air Magic      | 1 2 |  2.4
Earth Magic    | 1 2 |  2.4
Poison Magic   | 1 2 |  2.4
Armour         | 3 4 |  4.0
Fighting       | 5 |  5.5
Long Blades    | 5 |  5.5
Dodging        | 5 |  5.5
Charms         | 6 |  6.0

Action                   |  1- 3 |  4- 6 |  7- 9 || total
-------------------------+-------+-------+-------++-------
Melee: Falchion          |    58 |   200 |   117 ||   375
       Bite              |     5 |    26 |    26 ||    57
       Punch             |       |     1 |       ||     1
       Trident           |       |     4 |       ||     4
       Dagger            |       |     1 |     2 ||     3
       Quarterstaff      |       |       |    11 ||    11
 Fire: Hunting sling     |       |     6 |    12 ||    18
Throw: Stone             |       |     1 |     9 ||    10
 Cast: Infusion          |     1 |     6 |       ||     7
       Song of Slaying   |     1 |     3 |       ||     4
       Regeneration      |       |     5 |     5 ||    10
       Shroud of Golubri |       |     3 |     3 ||     6
       Spectral Weapon   |       |     3 |       ||     3
       Force Lance       |       |       |    10 ||    10
  Use: Scroll            |     2 |     3 |     2 ||     7
       Potion            |     3 |     1 |     3 ||     7
 Stab: Sleeping          |       |     2 |     3 ||     5
       Distracted        |       |     1 |       ||     1
  Eat: Chunk             |       |     6 |     3 ||     9
       Ration            |       |       |     1 ||     1
Armor: Leather armour    |    11 |       |       ||    11
       Ring mail         |    17 |    76 |    87 ||   180
Dodge: Dodged            |    88 |   164 |   189 ||   441
       Rpst.: Falchion   |    30 |    51 |    56 ||   137

Table legend:
 A = Non-vault XP
 B = Vault XP
 C = Vault XP percentage of total XP
 D = Non-vault monster count
 E = Vault monster count
 F = Vault count percentage of total count
                 A         B        C        D         E       F
            +---------+---------+-------+---------+---------+-------
      Total |    1059 |     451 |  29.9 |     104 |      32 |  23.5
            +---------+---------+-------+---------+---------+-------
        D:1 |      65 |       0 |   0.0 |      22 |       0 |   0.0
        D:2 |      96 |       0 |   0.0 |      23 |       0 |   0.0
        D:3 |     209 |     113 |  35.1 |      33 |      14 |  29.8
        D:4 |     517 |       2 |   0.4 |      14 |       2 |  12.5
        D:5 |     172 |       0 |   0.0 |      12 |       0 |   0.0
    Ossuary |       0 |     336 | 100.0 |       0 |      16 | 100.0
            +---------+---------+-------+---------+---------+-------
